 Dungeon Crawl Stone Soup version 0.25-a0-737-g26c3a87c45 (webtiles) character file.

Game seed: 6771661533065685299, levelgen mode: deterministic

3 Froggeryz the Vexing (level 1, -1/10 HPs)
             Began as a Gargoyle Wanderer on Apr 12, 2020.
             Slain by a hobgoblin (2 damage)
             ... on level 1 of the Dungeon.
             The game lasted 00:00:32 (72 turns).

Froggeryz the Vexing (Gargoyle Wanderer)              Turns: 72, Time: 00:00:33

Health: -1/10      AC:  4    Str: 15    XL:     1   Next: 50%
Magic:  3/3        EV: 11    Int: 14    God:
Gold:   0          SH:  0    Dex:  7    Spells: 4/4 levels left

rFire    . . .     SeeInvis .   a - +0 club
rCold    . . .     Gourm    .   (no shield)
rNeg     + . .     Faith    .   d - +0 robe
rPois    ∞         Spirit   .   (no helmet)
rElec    +         Reflect  .   (no cloak)
rCorr    .         Harm     .   (no gloves)
MR       .....                  (no boots)
Stlth    +.........             (no amulet)
HPRegen  0.03/turn              (no ring)
MPRegen  0.08/turn              (no ring)

@: no status effects
A: negative energy resistance 1, electricity resistance, unbreathing,
petrification resistance, rot immunity, AC +2
a: no special abilities


You were on level 1 of the Dungeon.
You were not hungry.

You visited 1 branch of the dungeon, and saw 1 of its levels.

Inventory:

Hand Weapons
 a - a +0 club (weapon)
Armour
 d - a +0 robe (worn)
Wands
 c - a wand of random effects (15)
Comestibles
 f - a ration


   Skills:
 + Level 1.0 Maces & Flails
   Level 1.1 Shields
 - Level 2.0 Spellcasting
   Level 2.6 Hexes
   Level 1.0 Fire Magic
   Level 1.5 Air Magic
 - Level 1.0 Evocations


You had 4 spell levels left.
You didn't know any spells.
Your spell library contained the following spells:

 Spells                   Type           Power        Failure   Level  Hunger
 Corona                   Hex            #......      8%          1    ##.....
 Shock                    Conj/Air       #...         17%         1    ##.....
 Ensorcelled Hibernation  Hex/Ice        #.....       21%         2    ###....
 Confusing Touch          Hex            #.......     24%         3    ####...
 Tukima's Dance           Hex            #.......     24%         3    ####...
 Dazzling Flash           Conj/Hex       #.....       38%         3    ####...
 Stone Arrow              Conj/Erth      #.....       56%         3    ####...


Dungeon Overview and Level Annotations

Branches:
Dungeon (1/15)

Altars:


Innate Abilities, Weirdness & Mutations

You are resistant to torment.
Your stone body is resilient. (AC +2)
You are immune to poison.
You resist negative energy. (rN+)
You are resistant to electric shocks. (rElec)
You can survive without breathing.
You are immune to petrification.
You are immune to rotting.


Message History

The bat completely misses you. The bat hits you.
You barely miss the bat. The bat barely misses you.
A hobgoblin comes into view.
The hobgoblin shouts!
The bat hits you but does no damage. The bat closely misses you.
The bat closely misses you. The bat hits you but does no damage.
The bat misses you. The bat hits you but does no damage.
You miss the bat. The bat barely misses you. The hobgoblin closely misses you.
You closely miss the hobgoblin. The bat completely misses you.
The hobgoblin barely misses you. The hobgoblin hits you.
* * * LOW HITPOINT WARNING * * *
You are too injured to fight recklessly!
You are too injured to fight recklessly!
You are too injured to fight recklessly!
You barely miss the hobgoblin. The bat hits you.
* * * LOW HITPOINT WARNING * * *
The hobgoblin hits you.
You die...

......†......## #.#
...⌠..........# #.#
.......⌠......# #.#
.............## #.#
.⌠...⌠...⌠..#####.####
...........###.......#
...⌠....⌠.## #.......##
.........#####$b......#
.⌠...⌠..##......@.....#
.......##.......g.....#
#..<..## #####........#
##...## #........#
##### ####.##..# ...
...# .## ##.# .#


You could see a hobgoblin and a bat.

Vanquished Creatures
  A leopard gecko (D:1)
  A giant cockroach (D:1)
2 creatures vanquished.

Notes
Turn   | Place    | Note
-------+----------+-------------------------------------------
     0 | D:1      | Froggeryz the Gargoyle Wanderer began the quest for the
                  | Orb.
     0 | D:1      | Froggeryz set off with the following items: a +0 club, a
                  | wand of random effects (15), a +0 robe, a ration; and the
                  | following spells available to memorise: Corona, Shock,
                  | Ensorcelled Hibernation, Confusing Touch, Tukima's Dance,
                  | Dazzling Flash, Stone Arrow
     0 | D:1      | Reached XP level 1. HP: 10/10 MP: 3/3
    62 | D:1      | Reached skill level 1 in Maces & Flails
    72 | D:1      | Slain by a hobgoblin

Levels and vault maps discovered:
D:1:      dpeg_arrival_lava_temple_mockup, layout_loops_ring, minmay_box_of_dots

Skill      XL: |  1 |
---------------+----+-----
Maces & Flails | 1 |  1.0
Shields        | |  1.1
Spellcasting   | |  2.0
Hexes          | |  2.6
Fire Magic     | |  1.0
Air Magic      | |  1.5
Evocations     | |  1.0

Action                   || total
-------------------------++-------
Melee: Club              ||    23
Armor: Robe              ||    15
Dodge: Dodged            ||    23

Table legend:
 A = Non-vault XP
 B = Vault XP
 C = Vault XP percentage of total XP
 D = Non-vault monster count
 E = Vault monster count
 F = Vault count percentage of total count
                 A         B        C        D         E       F
            +---------+---------+-------+---------+---------+-------
      Total |       5 |       0 |   0.0 |       2 |       0 |   0.0
            +---------+---------+-------+---------+---------+-------
        D:1 |       5 |       0 |   0.0 |       2 |       0 |   0.0
            +---------+---------+-------+---------+---------+-------
